Map: Romanticide LE

Players

Efem - Winner!

  • Race: Terran Terran
  • League: Platinum
  • Spawn Location: 5:00

Vronsky

  • Race: Protoss Protoss
  • League: Gold
  • Spawn Location: 11:00

VOD

Have the link to the VOD?

Description

Time

  • Played on: Feb. 9, 2021, 4:41 p.m.
  • Length: 15:07
Show
View Real Time Build Order
Export as new Build Order

Efem Terran - Winner!

Build Orders: Reaper Expand 

Get SALT Encoding   

  12  0:00  SCV  
  13  0:12  SCV  
  14  0:18  Supply Depot  
  14  0:25  SCV  
  15  0:39  SCV  
  15  0:40  Barracks  
  16  0:44  Refinery  
  16  0:51  SCV  
  17  1:05  SCV  
  18  1:17  SCV  
  19  1:32  Orbital Command  
  19  1:34  Reaper  
  20  1:46  Command Center  
  20  2:03  SCV  
  20  2:07  Marine  
  22  2:15  SCV  
  23  2:16  Factory  
  23  2:21  Supply Depot  
  23  2:43  SCV  
  24  2:55  SCV  
  26  3:24  Factory Tech Lab  
  26  3:25  Starport  
  26  3:28  Barracks Reactor  
  24  3:35  Orbital Command  
  24  4:05  Supply Depot, Marine x2  
  24  4:07  Liberator  
  29  4:20  Refinery  
  29  4:23  Marine  
  30  4:25  Refinery, Marine  
  30  4:27  SCV x2  
  33  4:39  SCV x2  
  33  4:41  Marine  
  36  4:49  Siege Tank  
  36  4:51  SCV  
  40  5:02  SCV  
  40  5:03  SCV  
  42  5:10  Refinery  
  42  5:12  Starport Reactor  
  42  5:14  SCV, Marine x2  
  42  5:15  SCV  
  42  5:20  Engineering Bay  
  42  5:21  Engineering Bay  
  46  5:26  Supply Depot, SCV  
  46  5:28  Supply Depot  
  47  5:32  Marine x2  
  49  5:36  Barracks  
  49  5:38  Barracks  
  49  5:49  Marine x2  
  49  6:03  Terran Infantry Armor Level 1, Terran Infantry Weapons Level 1  
  49  6:05  Siege Tank  
  49  6:06  Medivac  
  49  6:07  Marine x2  
  49  6:08  Medivac  
  58  6:25  Marine x2  
  59  6:30  Marine  
  59  6:31  Marine  
  62  6:43  Marine x2  
  65  6:56  Barracks Tech Lab  
  65  6:57  Barracks Reactor  
  64  7:02  Armory  
  64  7:04  Missile Turret  
  64  7:06  Missile Turret  
  64  7:07  SCV x2  
  66  7:15  Marine  
  66  7:16  Marine x2  
  66  7:19  SCV  
  70  8:00  Supply Depot  
  70  8:01  Supply Depot  
  70  8:10  Command Center  
  70  8:21  Stimpack, Marine x3  
  70  8:22  Medivac x2, SCV  
  70  8:23  Siege Tank, SCV, Marine x2  
  82  8:34  SCV  
  82  8:35  SCV  
  82  8:39  Supply Depot, Terran Infantry Armor Level 2, Marine x3, Terran Infantry Weapons Level 2  
  86  8:57  Supply Depot x2  
  86  9:00  Supply Depot  
  86  9:01  Medivac, Siege Tank, Marine x3  
  94  9:18  Marine x2  
  94  9:19  SCV x2, Marine x3  
  94  9:21  Liberator  
  104  9:31  SCV x2, Liberator  
  109  9:33  Siege Tank  
  109  9:36  Marine x5  
  117  9:43  SCV  
  118  10:04  Liberator  
  118  10:05  Siege Tank  
  124  10:26  Fusion Core  
  124  10:36  SCV  
  124  10:37  Siege Tank, SCV x2  
  130  10:47  Refinery  
  130  10:50  Refinery  
  98  11:40  Liberator  
  98  11:41  Liberator  
  98  11:43  Marauder, Marine x4  
  98  11:45  Siege Tank  
  113  11:47  Orbital Command  
  113  11:49  SCV x2  
  115  11:59  Sensor Tower  
  115  12:01  Sensor Tower, SCV x2, Marine x4  
  116  12:04  Marauder  
  122  12:14  Terran Infantry Weapons Level 3  
  122  12:15  Advanced Ballistics  
  122  12:17  Siege Tank  
  122  12:18  Marine  
  122  12:19  Marine x3  
  129  12:23  Liberator  
  129  12:25  Marine  
  133  12:59  Marine  
  133  13:00  Marine  
  133  13:01  Marine x2  
  133  13:02  Liberator  
  119  13:51  Marine  
  119  13:52  Marine x4  
  124  14:09  Marine  
  115  14:10  Marine x4  
  108  14:27  Marine  
  108  14:28  Marine x4  
  112  14:45  Marine x4  
  105  14:46  Marine  
Show
View Real Time Build Order
Export as new Build Order

Vronsky Protoss 

Build Orders:  

Get SALT Encoding   

  12  0:01  Probe (Chrono Boost)  
  13  0:19  Pylon  
  13  0:22  Probe  
  14  0:35  Probe  
  15  0:39  Gateway  
  15  0:47  Probe  
  16  0:53  Assimilator  
  16  0:59  Probe (Chrono Boost)  
  16  1:10  Pylon  
  16  1:11  Probe (Chrono Boost)  
  17  1:16  Probe (Chrono Boost)  
  18  1:25  Probe  
  19  1:31  Cybernetics Core  
  19  1:37  Probe, Zealot  
  22  1:47  Assimilator  
  22  1:49  Probe  
  23  2:01  Probe (Chrono Boost)  
  24  2:14  Probe (Chrono Boost)  
  25  2:24  Nexus  
  25  2:26  Probe  
  25  2:27  Pylon  
  26  2:39  Probe  
  27  2:48  Stalker  
  27  2:51  Probe  
  29  3:03  Probe  
  30  3:15  Probe  
  29  3:27  Probe  
  29  3:30  Stalker  
  32  3:36  Probe  
  32  3:39  Probe  
  34  3:47  Stargate  
  34  3:48  Probe  
  34  3:51  Probe  
  36  4:01  Probe  
  37  4:03  Probe  
  37  4:04  Robotics Facility, Stalker  
  40  4:13  Probe  
  40  4:15  Probe  
  42  4:17  Warp Gate (Chrono Boost)  
  42  4:25  Probe  
  42  4:27  Probe  
  44  4:35  Oracle (Chrono Boost)  
  44  4:37  Probe  
  48  4:40  Probe  
  49  4:49  Probe  
  49  4:52  Probe  
  51  4:54  Pylon  
  51  4:57  Observer, Assimilator  
  51  4:59  Assimilator  
  52  5:01  Probe  
  52  5:04  Probe  
  54  5:08  Void Ray (Chrono Boost)  
  58  5:20  Pylon  
  58  5:22  Probe  
  58  5:23  Probe  
  58  5:24  Pylon  
  60  5:34  Probe  
  60  5:35  Probe  
  62  5:38  Immortal (Chrono Boost)  
  66  5:47  Probe  
  67  5:55  Probe  
  65  5:59  Probe  
  66  6:07  Probe  
  66  6:09  Nexus  
  66  6:11  Probe  
  68  6:13  Oracle (Chrono Boost), Pylon  
  68  6:14  Immortal (Chrono Boost)  
  68  6:16  Pylon  
  75  6:21  Pylon  
  68  7:02  Stalker  
  68  7:05  Probe x2  
  72  7:17  Probe  
  76  7:47  Probe x3, Void Ray  
  76  7:55  Immortal  
  81  7:59  Probe x2  
  81  8:00  Probe  
  84  8:11  Probe x2  
  84  8:12  Probe  
  87  8:18  Assimilator  
  84  8:21  Assimilator  
  84  8:24  Void Ray  
  80  8:31  Stalker  
  80  8:32  Forge  
  86  8:34  Gateway, Immortal  
  86  8:36  Gateway  
  86  8:38  Gateway  
  90  8:41  Gateway  
  90  8:43  Gateway  
  90  8:46  Gateway  
  90  8:48  Gateway  
  90  8:55  Protoss Air Weapons Level 1 (Chrono Boost)  
  90  9:00  Probe x3  
  93  9:04  Void Ray  
  93  9:12  Probe x2  
  99  9:20  Stargate  
  99  9:27  Fleet Beacon  
  99  9:29  Pylon  
  95  9:32  Pylon  
  95  9:35  Pylon  
  95  9:40  Photon Cannon  
  95  9:41  Void Ray  
  95  9:43  Photon Cannon  
  94  9:45  Photon Cannon  
  94  9:46  Photon Cannon  
  94  9:49  Photon Cannon  
  98  9:54  Photon Cannon  
  98  9:57  Pylon  
  98  9:58  Photon Cannon  
  98  9:59  Probe x3  
  101  10:01  Pylon  
  101  10:02  Photon Cannon  
  101  10:04  Stalker x3, Pylon  
  101  10:05  Stalker  
  101  10:06  Stalker x2  
  113  10:08  Immortal (Chrono Boost)  
  113  10:11  Probe x3  
  113  10:13  Photon Cannon  
  120  10:14  Carrier  
  126  10:23  Probe x2  
  126  10:24  Probe  
  126  10:25  Robotics Bay  
  129  10:32  Zealot x2  
  129  10:33  Zealot x3  
  140  10:35  Probe x2  
  140  10:40  Immortal (Chrono Boost)  
  145  10:43  Photon Cannon  
  145  10:46  Photon Cannon  
  145  10:52  Photon Cannon  
  128  11:26  Zealot x2  
  128  11:27  Zealot x3  
  124  11:53  Nexus  
  124  11:54  Pylon  
  123  12:14  Probe x3  
  126  12:26  Probe x2  
  126  12:27  Probe  
  126  12:28  Pylon  
  126  12:29  Void Ray x2  
  129  12:31  Pylon  
  129  12:32  Immortal  
  141  12:43  Probe x3  
  142  12:55  Probe x2  
  129  13:09  Void Ray x2  
  129  13:11  Immortal  
  125  13:27  Shield Battery  
  124  13:28  Shield Battery  
  124  13:30  Shield Battery  
  124  13:33  Shield Battery  
  124  13:39  Robotics Facility  
  124  13:43  Shield Battery  
  124  13:46  Void Ray x2  
  124  13:49  Colossus (Chrono Boost)  
  124  13:50  Photon Cannon  
  108  14:23  Void Ray  
  104  14:27  Stalker x3  
  104  14:28  Stalker x4  
  104  14:29  Stalker  
  96  14:51  Zealot x5  
  96  14:52  Zealot x3  
Tags
 
Add a new tag
Caveats
  • Supply blocks, unpowered buildings, or Contaminate may cause inaccurate times.
  • Supply counts are checked every 10 seconds.